 Dungeon Crawl Stone Soup version 0.23.2-33-g5129a83184 (webtiles) character file.

Game seed: 1508584345893923097

6688 psyvane the Tainter (level 10, -14/91 HPs)
             Began as a Purple Draconian Venom Mage on July 21, 2019.
             Was a Priest of Sif Muna.
             Demolished by a very large slime creature (40 damage)
             ... on level 9 of the Dungeon.
             The game lasted 00:43:46 (11914 turns).

psyvane the Tainter (Purple Draconian Venom Mage)  Turns: 11914, Time: 00:43:49

Health: -14/91     AC:  9    Str: 10    XL:     10   Next: 73%
Magic:  17/17      EV: 13    Int: 22    God:    Sif Muna [***...]
Gold:   341        SH:  0    Dex: 24    Spells: 3/18 levels left

rFire    . . .     SeeInvis .   i - +2 flail (venom)
rCold    . . .     Gourm    .   (no shield)
rNeg     + . .     Faith    .   (armour unavailable)
rPois    +         Spirit   .   (helmet restricted)
rElec    .         Reflect  .   (no cloak)
rCorr    .         Harm     .   A - +0 pair of gloves
MR       +....                  r - +0 pair of boots
Stlth    ++........             (no amulet)
HPRegen  0.25/turn              G - ring "Vame" {*Contam rPois rN+ Int+5 Dex+10}
MPRegen  0.15/turn              I - ring of flight

@: no status effects
A: breathe power, unfitting armour, cold-blooded, AC +7
a: Breathe Dispelling Energy, Divine Energy, Channel Magic, Renounce Religion,
Evoke Flight


You were on level 9 of the Dungeon.
You worshipped Sif Muna.
Sif Muna was most pleased with you.
You were not hungry.

You visited 2 branches of the dungeon, and saw 10 of its levels.
You also visited: Ossuary.

You collected 541 gold pieces.
You spent 200 gold pieces at shops.

Inventory:

Hand Weapons
 d - a +0 spear
 i - a +2 flail of venom (weapon)
 j - a +0 trident
 z - a +2 short sword of holy wrath
 L - a +0 short sword of venom
Missiles
 e - 38 poisoned needles
 n - 12 tomahawks (quivered)
 o - 4 needles of sleeping
 C - 6 curare-tipped needles
 F - 3 throwing nets
Armour
 r - a +0 pair of boots (worn)
 A - a +0 pair of gloves (worn)
Jewellery
 G - the ring "Vame" (left hand) {*Contam rPois rN+ Int+5 Dex+10}
   (You found it on level 9 of the Dungeon)

   [ring of positive energy]

   It affects your intelligence (+5).
   It affects your dexterity (+10).
   It protects you from poison.
   It protects you from negative energy.
   It causes magical contamination when unequipped.
 I - a ring of flight (right hand)
Wands
 y - a wand of iceblast (3)
Scrolls
 f - 4 scrolls of remove curse
 g - a scroll of blinking {unknown}
 k - 4 scrolls of teleportation
 s - a scroll of immolation {unknown}
 t - a scroll of identify
 u - a scroll of silence {unknown}
 v - a scroll of brand weapon {unknown}
 w - 2 scrolls of fear {unknown}
 x - a scroll of enchant weapon {unknown}
 D - a scroll of noise {unknown}
 H - a scroll of magic mapping {unknown}
 J - a scroll of amnesia {unknown}
 K - a scroll of fog {unknown}
Potions
 c - 6 potions of curing
 h - 3 potions of flight
 l - 2 potions of ambrosia
 p - 3 potions of mutation
 B - a potion of agility
 E - a potion of might {unknown}
Miscellaneous
 a - a crystal ball of energy
Comestibles
 b - 13 rations
 m - 3 chunks of flesh


   Skills:
 * Level 9.1 Fighting
 - Level 1.7 Dodging
 - Level 1.7 Stealth
 - Level 4.9 Spellcasting
 - Level 5.3 Conjurations
 - Level 0.2 Air Magic
 - Level 10.1 Poison Magic
 - Level 8.7 Invocations


You had 3 spell levels left.
You knew the following spells:

 Your Spells              Type           Power        Failure   Level  Hunger
a - Sting                 Conj/Pois      ####         1%          1    None
b - Poisonous Vapours     Pois/Air       ####..       1%          2    None
c - Olgreb's Toxic Radia  Pois           ######..     1%          4    ####...
d - Mephitic Cloud        Conj/Pois/Air  ####....     3%          3    ##.....
e - Venom Bolt            Conj/Pois      #####.....   12%         5    #####..

Your spell library contained the following spells:

 Spells                   Type           Power        Failure   Level  Hunger


Dungeon Overview and Level Annotations

Branches:
Dungeon (9/15)             Temple (1/1) D:4
   Lair: D:8-11         Orc: D:9-12

Altars:
Ashenzari
Cheibriados
Dithmenos
Elyvilon
Fedhas
Gozag
Kikubaaqudgha
Makhleb
Nemelex Xobeh
Okawaru
Ru
Sif Muna
Trog
Uskayaw
Vehumet
Wu Jian
Yredelemnul
Zin
The Shining One

Shops:
D:4 }   D:6 *


Innate Abilities, Weirdness & Mutations

You can breathe bolts of dispelling energy.
Your rich purple scales are hard. (AC +7)
You cannot fit into any form of body armour.
You are cold-blooded and may be slowed by cold attacks.


Message History

The slime creature is heavily wounded.
Two slime creatures merge to form a very large slime creature.
You sock the very large slime creature!
The very large slime creature is moderately wounded.
You hit the very large slime creature.
The very large slime creature is moderately wounded.
The very large slime creature hits you!
The very large slime creature barely misses you.
You hit the very large slime creature.
The very large slime creature is moderately wounded.
The very large slime creature looks more healthy.
The very large slime creature closely misses you.
You hit the very large slime creature.
You tail-slap the very large slime creature, but do no damage.
The very large slime creature is heavily wounded.
The very large slime creature hits you!!!
Ouch! That really hurt!
* * * LOW HITPOINT WARNING * * *
The very large slime creature hits you!!!
You die...

# #..# #.# # #####.##### #.# #
#.........# #.# # #.........####
..# ## #............# .#
#.........##. .(. .## #......J..#
#.# ..# #######.### #.# #.#
##..@J.# #.# #.# #..##### #.# #.#
###'######## #.# #.# #..........#
#.# #+######
#..........######.#####
...#...####..........'.<##......#
.###.#.#..'..........##..#......#
.#.).#.'.##..........###........#
)#.########..........# ###......#


You could see a very large slime creature.

Vanquished Creatures
  A two-headed ogre (D:8)
  A troll (D:9)
  A hippogriff (D:9)
  8 yaks (D:9)
  4 hogs (D:7)
  A human (D:7)
  An orc warrior (D:9)
  Duvessa (D:7)
  4 sky beasts
  An ice beast (D:8)
  A necrophage (D:8)
  7 ogres
  A big kobold (D:8)
  A gnoll sergeant (D:8)
  4 bullfrogs
  Dowan (D:7)
  13 scorpions
  A howler monkey (D:6)
  3 crimson imps
  2 hounds
  5 jellies
  2 centaur zombies (Ossuary)
  A centaur skeleton (D:5)
  6 orc priests
  2 human zombies (Ossuary)
  6 orc wizards
  4 worker ants
  3 iguanas
  2 big kobold zombies (Ossuary)
  A hound zombie (D:9)
  3 hound skeletons
  3 mummies (Ossuary)
  A worker ant zombie (D:8)
  13 gnolls
  5 scorpion zombies (Ossuary)
  12 adders
  2 shadow imps
  An adder zombie (D:8)
  A worm (D:2)
  5 dart slugs
  6 leopard geckos
  25 orcs
  3 giant cockroaches
  11 goblins
  10 hobgoblins
  20 jackals
  4 quokkas
  2 ball pythons
  7 bats
  9 frilled lizards
  2 gnoll zombies (Ossuary)
  A goblin zombie (Ossuary)
  9 kobolds
  2 orc zombies (Ossuary)
  2 quokka zombies
  5 rats
  A rat zombie (D:6)
254 creatures vanquished.

Vanquished Creatures (others)
  2 gnoll zombies (Ossuary)
2 creatures vanquished.

Grand Total: 256 creatures vanquished

Notes
Turn   | Place    | Note
-------+----------+-------------------------------------------
     0 | D:1      | psyvane the Draconian Venom Mage began the quest for the
                  | Orb.
     0 | D:1      | Reached XP level 1. HP: 14/14 MP: 3/3
   225 | D:1      | Reached XP level 2. HP: 20/20 MP: 5/5
   229 | D:1      | Learned a level 2 spell: Poisonous Vapours
   531 | D:1      | Reached skill level 4 in Poison Magic
   717 | D:1      | Reached XP level 3. HP: 21/26 MP: 6/6
  1123 | D:2      | Found a sacrificial altar of Ru.
  1976 | D:2      | Reached XP level 4. HP: 32/33 MP: 0/7
  1995 | D:2      | Reached skill level 5 in Poison Magic
  2600 | D:2      | Learned a level 4 spell: Olgreb's Toxic Radiance
  2744 | D:3      | Reached XP level 5. HP: 13/38 MP: 1/8
  3581 | D:3      | Found a hide-covered altar of Uskayaw.
  3799 | D:4      | Reached XP level 6. HP: 45/45 MP: 4/9
  3953 | D:4      | Found Wucki's Gadget Shop.
  4110 | D:4      | Found a staircase to the Ecumenical Temple.
  4119 | Temple   | Entered the Ecumenical Temple
  4202 | Temple   | Became a worshipper of Sif Muna the Loreminder
  4522 | D:4      | Reached skill level 5 in Conjurations
  4576 | D:4      | Your scales start taking on a rich purple colour.
  4576 | D:4      | Reached XP level 7. HP: 50/50 MP: 0/10
  4581 | D:4      | Learned a level 3 spell: Mephitic Cloud
  4902 | D:4      | Bought a crystal ball of energy for 200 gold pieces
  4923 | D:5      | Entered Level 5 of the Dungeon
  5306 | D:6      | Found a sand-covered staircase.
  5331 | Ossuary  | Entered an ossuary
  5423 | Ossuary  | Reached skill level 5 in Invocations
  5571 | Ossuary  | Reached XP level 8. HP: 26/57 MP: 5/12
  6582 | D:6      | Reached * piety under Sif Muna
  6582 | D:6      | Reached skill level 6 in Poison Magic
  7120 | D:5      | Found a basalt altar of Yredelemnul.
  7120 | D:5      | Found a shadowy altar of Dithmenos.
  7125 | D:5      | Found a faded altar of an unknown god.
  7134 | D:5      | Found an ornate altar of the Wu Jian Council.
  7135 | D:5      | Found a sparkling altar of Nemelex Xobeh.
  7147 | D:5      | Reached skill level 7 in Poison Magic
  7517 | D:5      | Reached XP level 9. HP: 37/62 MP: 15/15
  8170 | D:6      | Found Zin's Purification Station.
  8173 | D:6      | Found a glowing silver altar of Zin.
  8487 | D:7      | Reached skill level 8 in Poison Magic
  8496 | D:7      | Reached ** piety under Sif Muna
  8730 | D:7      | Noticed Duvessa
  8730 | D:7      | Noticed Dowan
  8743 | D:7      | Killed Dowan
  8748 | D:7      | Reached skill level 9 in Poison Magic
  8779 | D:7      | Killed Duvessa
  9151 | D:7      | Reached skill level 10 in Poison Magic
  9492 | D:8      | Reached *** piety under Sif Muna
  9719 | D:8      | Noticed a two-headed ogre
  9936 | D:8      | Learned a level 5 spell: Venom Bolt
 10127 | D:8      | Found an iron altar of Okawaru.
 10171 | D:8      | Reached skill level 1 in Fighting
 10201 | D:8      | Killed a two-headed ogre
 10201 | D:8      | Reached XP level 10. HP: 78/78 MP: 7/17
 10280 | D:8      | Reached skill level 5 in Fighting
 10639 | D:9      | Got a sparkling iron ring
 10640 | D:9      | Identified the ring "Vame" {*Contam rPois rN+ Int+5 Dex+10}
                  | (You found it on level 9 of the Dungeon)
 11914 | D:9      | Demolished by a very large slime creature

Skill      XL: |  1  2  3  4  5  6  7  8  9 10 |
---------------+-------------------------------+-----
Poison Magic   | 4 5 7 10 | 10.1
Conjurations   | 3 5 |  5.3
Invocations    | 2 6 8 |  8.7
Spellcasting   | 4 |  4.9
Fighting       | 4 9 |  9.1
Dodging        | |  1.7
Stealth        | |  1.7
Air Magic      | |  0.2

Action                   |  1- 3 |  4- 6 |  7- 9 | 10-12 || total
-------------------------+-------+-------+-------+-------++-------
Melee: Unarmed           |    10 |       |       |       ||    10
       Spear             |   135 |    43 |       |       ||   178
       Tailslap          |     9 |     6 |    24 |    21 ||    60
       Trident           |       |    13 |       |       ||    13
       Flail             |       |    23 |   271 |   100 ||   394
Throw: Tomahawk          |       |       |    21 |       ||    21
 Cast: Sting             |    36 |    25 |    26 |     3 ||    90
       Poisonous Vapours |     4 |    37 |   108 |    26 ||   175
       Olgreb's Toxic Ra |       |     2 |    12 |     6 ||    20
       Mephitic Cloud    |       |       |     4 |     2 ||     6
       Venom Bolt        |       |       |     5 |     8 ||    13
Invok: Channel Magic     |       |       |     1 |     1 ||     2
Evoke: Wand              |       |       |       |     4 ||     4
  Use: Scroll            |       |     3 |     4 |     6 ||    13
       Potion            |       |       |       |     3 ||     3
 Stab: Sleeping          |     2 |       |     3 |     1 ||     6
       Confused          |       |       |     1 |     1 ||     2
  Eat: Chunk             |     4 |    12 |    16 |    10 ||    42
       Ration            |       |       |     4 |       ||     4
Armor: Skin              |    48 |    35 |   109 |    49 ||   241
Dodge: Dodged            |   105 |    76 |   206 |    81 ||   468
